Map: Dusk Towers

Players

PiG - Winner!

  • Race: Zerg Zerg
  • League: Grandmaster

iaguz

  • Race: Terran Terran

Event: 2016 WCS Winter Challenger Oceania SEA

VOD

Have the link to the VOD?

Description

Time

  • Played on: Feb. 13, 2016, 12:23 a.m.
  • Length: 6:00

All games in this series

Show
View Real Time Build Order
Export as new Build Order

PiG Zerg - Winner!

Build Orders: Hatch First, Zergling Baneling 

Get SALT Encoding   

  12  0:01  Drone  
  13  0:12  Overlord  
  13  0:17  Drone  
  14  0:31  Drone x2  
  14  0:34  Drone  
  17  0:51  Hatchery  
  17  0:54  Drone  
  17  0:57  Drone  
  18  1:09  Extractor  
  17  1:12  Spawning Pool  
  17  1:15  Drone  
  17  1:18  Drone  
  18  1:27  Drone  
  19  1:38  Overlord  
  19  1:51  Drone  
  20  1:58  Queen  
  20  1:59  Zergling x2  
  23  2:02  Queen  
  23  2:03  Zergling x2  
  26  2:11  Drone  
  26  2:14  Metabolic Boost  
  27  2:17  Drone  
  28  2:25  Drone  
  28  2:28  Overlord  
  29  2:38  Queen  
  29  2:39  Drone  
  29  2:42  Drone  
  33  2:45  Extractor  
  33  2:46  Overlord  
  33  2:47  Drone  
  33  2:52  Lair  
  33  2:59  Drone  
  33  3:00  Drone  
  35  3:08  Drone x4  
  35  3:12  Drone  
  40  3:20  Baneling Nest  
  40  3:27  Drone, Queen  
  41  3:34  Zergling x4  
  41  3:35  Zergling x2  
  41  3:37  Zergling x4  
  46  3:50  Queen  
  46  3:51  Nydus Network  
  47  3:59  Zergling x6  
  47  4:00  Overlord  
  50  4:11  Baneling x2  
  50  4:12  Baneling x2  
  50  4:20  Queen  
  50  4:22  Overlord  
  50  4:23  Zergling x10  
  57  4:32  Nydus Canal  
  57  4:40  Zergling x6  
  60  4:46  Baneling  
  60  4:52  Baneling x2  
  59  4:53  Baneling x3  
  59  4:57  Zergling x2  
  59  4:59  Baneling  
  53  5:13  Zergling x8  
  52  5:18  Zergling x2  
  52  5:20  Zergling x2  
  45  5:21  Queen  
  45  5:28  Zergling x2  
  44  5:36  Zergling x2  
Show
View Real Time Build Order
Export as new Build Order

iaguz Terran 

Build Orders: Hellion Banshee 

Get SALT Encoding   

  12  0:00  SCV  
  13  0:13  SCV  
  14  0:17  Supply Depot  
  14  0:25  SCV  
  15  0:39  SCV  
  15  0:40  Barracks  
  16  0:45  Refinery  
  16  0:51  SCV  
  17  1:03  SCV  
  18  1:15  SCV  
  19  1:27  Orbital Command  
  19  1:30  Barracks Reactor  
  19  1:39  Command Center  
  19  1:47  Supply Depot  
  19  1:53  SCV  
  20  2:05  SCV  
  20  2:06  Marine x2  
  23  2:11  Factory  
  23  2:17  SCV  
  23  2:20  Refinery  
  24  2:24  Marine x2  
  24  2:29  SCV  
  27  2:41  SCV  
  27  2:42  Marine x2  
  30  2:52  Orbital Command  
  30  2:53  SCV  
  30  2:57  Starport  
  31  3:05  Supply Depot  
  31  3:09  Hellion x2  
  35  3:12  Marine  
  35  3:14  SCV  
  35  3:18  SCV  
  38  3:24  Armory  
  38  3:30  Hellion x2  
  42  3:35  Medivac  
  42  3:36  Marine  
  42  3:40  SCV x2  
  47  3:52  SCV  
  47  3:53  SCV  
  47  3:55  Hellion x2  
  53  4:01  Supply Depot  
  53  4:04  SCV  
  53  4:05  Starport Tech Lab  
  53  4:06  SCV  
  55  4:16  SCV  
  56  4:18  SCV  
  56  4:19  Hellion x2  
  61  4:24  Supply Depot  
  61  4:27  Cloaking Field  
  61  4:28  SCV  
  61  4:29  Banshee  
  61  4:30  SCV  
  66  4:39  Barracks Tech Lab  
  66  4:40  SCV  
  66  4:42  SCV  
  68  4:50  Factory Tech Lab  
  68  4:52  SCV  
  69  4:54  SCV  
  69  4:58  Marine  
  61  5:04  SCV  
  61  5:06  SCV  
  51  5:12  Banshee  
  50  5:16  Marine  
  50  5:20  SCV  
  33  5:26  SCV  
  33  5:31  Hellion  
  33  5:34  Marine  
  32  5:36  SCV  
Tags
 
Add a new tag
Caveats
  • Supply blocks, unpowered buildings, or Contaminate may cause inaccurate times.
  • Supply counts are checked every 10 seconds.